 Dungeon Crawl Stone Soup version 0.31-a0-95-g6fa058ef04 (webtiles) character file.

Game seed: 13135252606820855296

18322 Drazool the Skirmisher (level 12, -8/71 (82) HPs)
             Began as a Formicid Hunter on May 25, 2023.
             Was an Elder of Hepliaklqana.
             Mangled by a spectral orc warrior
             ... wielding a +0 glaive
             ... summoned by Nergalle
              (13 damage)
             ... on level 2 of the Lair of Beasts.
             The game lasted 00:32:59 (12383 turns).

Drazool the Skirmisher (Formicid Hunter)           Turns: 12383, Time: 00:32:59

HP:   -8/71 (82)    AC:  7    Str: 16    XL:     12   Next: 93%
MP:   21/21         EV: 15    Int: 10    God:    Hepliaklqana [****..]
Gold: 471           SH: 14    Dex: 21    Spells: 11/11 levels left

rFire   . . .        a - +1 shortbow (elec)
rCold   + . .        e - +0 kite shield
rNeg    . . .        j - +0 leather armour of Responsibility {rPois rC+ Stlth+}
rPois   +            (helmet unavailable)
rElec   .            m - +0 cloak
rCorr   .            z - +0 pair of gloves
SInv    +            c - +0 pair of boots {Stlth+}
Will    +....        h - amulet of magic regeneration
Stlth   +++++        M - ring of magical power
HPRegen 0.31/turn    (no ring)
MPRegen 0.57/turn

%: no passive effects
@: mighty, heavily drained
A: reduced essence, permanent stasis, dig shafts and tunnels, antennae 3, four
strong arms
a: Dig, Shaft Self, Renounce Religion, Recall Ancestor, Ancestor Identity,
Transference, Idealise


You were on level 2 of the Lair of Beasts.
You worshipped Hepliaklqana.
Hepliaklqana was greatly pleased with you.
You visited 3 branches of the dungeon, and saw 13 of its levels.
You also visited: Bailey.

You collected 828 gold pieces.
You spent 357 gold pieces at shops.


Innate Abilities, Weirdness & Mutations

Your life essence is reduced to manifest your ancestor. (-10% HP)
You cannot be hasted, slowed, berserked, paralysed or teleported.
You can dig through walls and to a lower floor.
You have a pair of large antennae on your head. (SInv)
Your four strong arms can wield two-handed weapons with a shield.


   Skills:
 - Level 8.0 Fighting
 - Level 14.0 Ranged Weapons
 - Level 7.0 Armour
 + Level 6.6 Dodging
 + Level 3.9 Stealth
 - Level 12.3 Shields


You had 11 spell levels left.
You didn't know any spells.
Your spell library contained the following spells:

 Spells                   Type           Power      Damage    Failure   Level
 Apportation              Tloc           0%         N/A       65%         1
 Foxfire                  Conj/Fire      0%         2x1d4     65%         1
 Necrotise                Necr           0%         1d4       65%         1
 Shock                    Conj/Air       0%         1d3       65%         1
 Summon Small Mammal      Summ           0%         N/A       65%         1
 Ensorcelled Hibernation  Hex/Ice        0%         N/A       78%         2
 Lesser Beckoning         Tloc           0%         N/A       78%         2
 Call Canine Familiar     Summ           0%         N/A       95%         3
 Dazzling Flash           Conj/Hex       0%         N/A       95%         3
 Gell's Gravitas          Tloc           0%         N/A       95%         3
 Hailstorm                Conj/Ice       0%         3d3       95%         3
 Spider Form              Tmut/Pois      0%         N/A       95%         3
 Summon Guardian Golem    Hex/Summ       0%         N/A       95%         3
 Teleport Other           Tloc           0%         N/A       95%         3
 Volatile Blastmotes      Fire/Tloc      0%         2d10      95%         3
 Airstrike                Air            0%         2d(0-16)  100%        4
 Anguish                  Hex/Necr       0%         N/A       100%        4
 Ice Form                 Ice/Tmut       0%         N/A       100%        4
 Iskenderun's Mystic Bla  Conj/Tloc      0%         2d3       100%        4
 Arcjolt                  Conj/Air       0%         1d10      100%        5
 Fireball                 Conj/Fire      0%         3d3       100%        5
 Plasma Beam              Fire/Air       0%         2x1d11    100%        6
 Simulacrum               Ice/Necr       0%         N/A       100%        6
 Starburst                Conj/Fire      0%         6d3       100%        6
 Swiftness                Air            Unusable   N/A       N/A         3
 Vhi's Electric Charge    Tloc/Air       Unusable   N/A       N/A         3

Inventory:

Hand Weapons
 a - a +1 shortbow of electrocution (weapon)
 v - the +6 triple sword of Tuufaewe {heavy, rCorr Int+5}
   (You found it in a bailey)

   Int:       It affects your intelligence (+5).
   rCorr:     It protects you from acid and corrosion.
Missiles
 s - a throwing net {=f}
Armour
 c - a +0 pair of boots of stealth (worn)
 e - a +0 kite shield (worn)
 j - the +0 leather armour of Responsibility (worn) {rPois rC+ Stlth+}
   (You bought it in a shop on level 5 of the Dungeon)

   rC:        It protects you from cold.
   rPois:     It protects you from poison.
   Stlth:     It makes you more stealthy.
 m - a +0 cloak (worn)
 z - a +0 pair of gloves (worn)
 D - +0 acid dragon scales
Magical Staves
 F - a staff of conjuration {!a}
Jewellery
 h - an amulet of magic regeneration (around neck)
 M - a ring of magical power (left hand)
 R - a ring of resist corrosion
Wands
 r - a wand of polymorph (9)
 A - a wand of roots (9)
 B - a wand of paralysis (3)
 C - a wand of flame (10)
 E - a wand of mindburst (8)
Scrolls
 b - 3 scrolls of immolation
 n - a scroll of fear
 t - a scroll of summoning
 w - 4 scrolls of enchant armour
 x - 2 scrolls of brand weapon
 y - a scroll of enchant weapon
 G - a scroll of fog
 H - a scroll of identify {@r1}
Potions
 d - a potion of magic
 f - 2 potions of might
 i - 4 potions of lignification
 k - 2 potions of brilliance
 l - 2 potions of attraction
 o - 6 potions of curing {@q1}
 p - 2 potions of enlightenment {unknown}
 q - 6 potions of ambrosia
 u - 2 potions of invisibility {unknown}

Dungeon Overview and Level Annotations

Branches:
Dungeon (10/15)            Temple (1/1) D:4            Lair (2/5) D:8
 Bailey (visited)
  Swamp: Lair:2-3    Shoals: Lair:2-3     Snake: Lair:2-3    Spider: Lair:2-3
    Orc: D:9-12

Altars:
Ashenzari
Cheibriados
Elyvilon
Fedhas
Gozag
Hepliaklqana
Kikubaaqudgha
Makhleb
Nemelex Xobeh
Okawaru
Qazlal
Ru
Sif Muna
Uskayaw
Vehumet
Wu Jian
Xom
Yredelemnul
Zin
The Shining One

Shops:
D:5 ?:[=!   D:8 *

Annotations:
D:3 3 runed translucent doors, SecretSquirrel's ghost, weakling MiHu
D:4 1 runed translucent door, Crazy Yiuf
D:5 Pikel
D:10 exclusion: obsidian statue
Lair:2 Nergalle

#........##..#...~≈≈~≈~
.........######...~≈~~~
......†.## #....~~.~.
........# #.........
........#######........#
>.........#.##....# ...#
#.........##.#..Z.#.....
.#.#......##..#ZZZ......
..###......#..ZZ@Z......
.P##..........Z#oZ......
.####..........Z.Z......
.###.......#.###........
...#.#.....### ....###..
..####.#.#.P# ##..# #
......####### #.#
####### ##


You could see Nergalle, 2 spectral orcs, 6 spectral orc warriors, 2 spectral orc
knights and a spectral orc warlord (summoned).


Message History

The grasping roots constrict Nergalle, but do no damage.
You block Nergalle's attack.
The spectral orc warrior closely misses you.
You block the spectral orc knight's attack.
The spectral orc hits you from afar with a +0 trident.
* * * LOW HITPOINT WARNING * * *
You feel drained.
* * * LOW HITPOINT WARNING * * *
The spectral orc warrior closely misses you.
The spectral orc warrior misses you.
The spectral orc hits you with a +0 short sword.
* * * LOW HITPOINT WARNING * * *
Okay, then.
Unknown command.
You feel very mighty all of a sudden.
The grasping roots constrict Nergalle.
The roots release their grip on Nergalle.
You block Nergalle's attack.
The spectral orc warrior hits you from afar with a +0 glaive!
* * * LOW HITPOINT WARNING * * *
The spectral orc knight barely misses you.
You block the spectral orc's attack. The spectral orc misses you.
The spectral orc warrior misses you.
You block the spectral orc warrior's attack.
The spectral orc knight hits you but does no damage.
You shoot an arrow. The arrow barely misses Nergalle.
Nergalle casts a spell at you.
Orcish apparitions take form around you.
The spectral orc warrior hits you from afar with a +0 glaive!
You die...

Skill      XL: |  1  2  3  4  5  6  7  8  9 10 11 12 |
---------------+-------------------------------------+-----
Shields        | 1 3 4 5 6 8 10 12 | 12.3
Ranged Weapons | 5 6 7 9 10 11 14 | 14.0
Armour         | 4 6 7 |  7.0
Fighting       | 5 8 |  8.0
Dodging        | 4 6 |  6.6
Stealth        | 3 |  3.9

Action                     |  1- 3 |  4- 6 |  7- 9 | 10-12 || total
---------------------------+-------+-------+-------+-------++-------
   Fire: Shortbow          |    85 |   185 |   256 |   608 ||  1134
 Invoke: Ancestor Identity |       |       |     1 |       ||     1
         Recall Ancestor   |       |       |     4 |     4 ||     8
         Ancestor Life: Kn |       |       |     1 |       ||     1
Ability: Dig               |     3 |       |     1 |     1 ||     5
  Evoke: Wand              |       |       |       |     2 ||     2
    Use: Scroll            |     2 |     4 |     6 |     7 ||    19
         Potion            |       |       |       |     5 ||     5
 Armour: Leather armour    |     6 |    35 |    16 |    24 ||    81
  Dodge: Dodged            |    14 |    50 |    30 |   111 ||   205
  Block: Kite shield       |    20 |    65 |    51 |   163 ||   299

Levels and vault maps discovered:
D:1:      dpeg_arrival_renting, layout_basic, chequers_decorated_corner
D:2:      layout_loops_ring, serial_forest, infiniplex_forest_clump_C,
          infiniplex_forest_zigzag_1, infiniplex_forest_3_way,
          infiniplex_forest_lined_2, infiniplex_forest_clump_diagonal,
          shapermc_ecumenical_altar_flowoftime, uniq_robin
D:3:      due_chaos_kobolds, layout_loops_ring, serial_glass, glass_columns_b,
          glass_columns_a, glass_columns_a, glass_columns_b, glass_columns_c,
          glass_columns_a, glass_columns_a, glass_columns_c, glass_columns_a,
          glass_columns_a, glass_columns_c, glass_columns_b, glass_columns_a,
          glass_columns_b, biasface_ghost_orc_armoury,
          chequers_serial_rivers_micro_d, uniq_terence
D:4:      layout_basic, minmay_temple_entry_purple_smoke, uniq_menkaure,
          uniq_crazy_yiuf_cottage, uniq_eustachio
D:5:      layout_loops_corners, serial_shops, nicolae_diamond_shop, shop,
          nicolae_shop_hallway_plus, shop_fountains, shop_statue, uniq_pikel
D:6:      layout_loops_ring, nicolae_gozag_seed_capital, bloody_makhleb,
          lemuel_round_altar
D:7:      layout_cave_pools, enter_bailey_4
D:8:      layout_basic, vehumet_altar_wand_db, fedhas_altar_fruit_tree,
          dpeg_lair_monsters, minmay_shop_damaged, minmay_misc_feat_columns,
          uniq_erica
D:9:      layout_roguey [special_room_bee], kennysheep_ying_yang,
          nicolae_overflow_hidden_temple
D:10:     minmay_separated_statues, layout_long_grid
Temple:   nicolae_temple_figure_eight
Lair:1:   layout_chaotic_city, basic_altar, lemuel_fruit_tree
Lair:2:   layout_layer_cave, nicolae_shoals_entry_roost,
          spider_nest_entry_funnel_web, patterned_corridor, grunt_megastairs_3,
          infiniplex_staircase_pool_2, uniq_nergalle

Notes
Turn   | Place    | Note
-------+----------+-------------------------------------------
     0 | D:1      | Drazool the Formicid Hunter began the quest for the Orb.
     0 | D:1      | Reached XP level 1. HP: 16/16 MP: 1/1
   106 | D:1      | Reached XP level 2. HP: 22/22 MP: 2/2
   353 | D:1      | Reached skill level 1 in Shields
   921 | D:2      | Reached XP level 3. HP: 25/27 MP: 3/3
   964 | D:2      | Reached skill level 2 in Shields
  1106 | D:2      | Noticed Robin
  1136 | D:2      | Killed Robin
  1137 | D:2      | Reached skill level 3 in Shields
  1147 | D:2      | Reached XP level 4. HP: 16/32 MP: 4/4
  1383 | D:2      | Reached skill level 4 in Shields
  1629 | D:2      | Found a faded altar of an unknown god.
  1969 | D:3      | Reached XP level 5. HP: 38/38 MP: 5/5
  2032 | D:3      | Reached skill level 5 in Ranged Weapons
  2212 | D:3      | Noticed Terence
  2292 | D:3      | Killed Terence
  2506 | D:3      | Reached XP level 6. HP: 44/44 MP: 6/6
  2579 | D:3      | Found a large runed translucent door.
  2579 | D:3      | Found a large runed translucent door.
  2581 | D:3      | Found a shimmering altar of Xom.
  2621 | D:3      | Found a runed translucent gate.
  2621 | D:3      | Found a runed translucent gate.
  2621 | D:3      | Found a runed translucent gate.
  2621 | D:3      | Noticed SecretSquirrel's ghost (weakling MiHu)
  2624 | D:3      | Identified the +2 leather armour of the Morning {Rampage}
  2801 | D:3      | Reached skill level 5 in Shields
  3081 | D:4      | Noticed Eustachio
  3292 | D:4      | Noticed Menkaure
  3300 | D:4      | Killed Menkaure
  3301 | D:4      | Reached skill level 6 in Ranged Weapons
  3395 | D:4      | Reached XP level 7. HP: 50/50 MP: 7/7
  3395 | D:4      | Found a staircase to the Ecumenical Temple.
  3416 | D:4      | Reached skill level 6 in Shields
  3420 | Temple   | Entered the Ecumenical Temple
  3582 | Temple   | Became a worshipper of Hepliaklqana the Forgotten
  3716 | D:4      | Found a runed translucent door.
  3717 | D:4      | Noticed Crazy Yiuf
  3958 | D:4      | Killed Eustachio
  3959 | D:4      | Reached skill level 7 in Ranged Weapons
  4215 | D:5      | Entered Level 5 of the Dungeon
  4253 | D:5      | Reached XP level 8. HP: 56/56 MP: 8/8
  4254 | D:5      | Reached skill level 7 in Shields
  4355 | D:5      | Found Kuz Punk's Magic Scroll Shoppe.
  4366 | D:5      | Bought a scroll of identify for 28 gold pieces
  4388 | D:5      | Reached * piety under Hepliaklqana
  4543 | D:5      | Noticed Pikel
  4741 | D:5      | Reached skill level 8 in Ranged Weapons
  4778 | D:5      | Found Sacoety's Antique Armour Boutique.
  4793 | D:5      | Bought a polished leather armour for 140 gold pieces
  4793 | D:5      | Identified the +0 leather armour of Responsibility {rPois
                  | rC+ Stlth+} (You bought it in a shop on level 5 of the
                  | Dungeon)
  4844 | D:5      | Found Belubb's Jewellery Shop.
  4871 | D:5      | Found Nyhaeme's Distillery.
  4877 | D:5      | Bought a potion of curing for 39 gold pieces
  5067 | D:5      | Found Alevvan's Book Boutique.
  5314 | D:6      | Found a burning altar of Makhleb.
  5336 | D:6      | Reached skill level 8 in Shields
  5447 | D:6      | Found an opulent altar of Gozag.
  5478 | D:6      | Found an iron altar of Okawaru.
  5502 | D:6      | Reached skill level 9 in Ranged Weapons
  5502 | D:6      | Reached XP level 9. HP: 54/54 MP: 9/9
  5574 | D:6      | Reached ** piety under Hepliaklqana
  5575 | D:6      | Remembered your ancestor Marge Gunderson as a knight
  5725 | D:6      | Reached skill level 9 in Shields
  5762 | D:6      | Reached skill level 10 in Ranged Weapons
  5978 | D:7      | Reached skill level 1 in Armour
  6124 | D:7      | Found a flagged portal.
  6136 | D:7      | Reached skill level 2 in Armour
  6152 | Bailey   | Entered a bailey
  6430 | Bailey   | Reached skill level 3 in Armour
  6430 | Bailey   | Reached skill level 10 in Shields
  6514 | Bailey   | Reached skill level 4 in Armour
  6665 | Bailey   | Reached XP level 10. HP: 60/60 MP: 10/10
  6706 | Bailey   | Reached skill level 5 in Armour
  6706 | Bailey   | Reached skill level 11 in Shields
  7240 | Bailey   | Reached skill level 6 in Armour
  7416 | Bailey   | Identified the +6 triple sword of Tuufaewe {heavy, rCorr
                  | Int+5}
  8034 | D:8      | Found a blossoming altar of Fedhas.
  8114 | D:5      | Bought a pair of runed boots for 150 gold pieces
  8244 | D:8      | Noticed a death yak
  8274 | D:8      | Killed a death yak
  8275 | D:8      | Reached skill level 12 in Shields
  8356 | D:8      | Noticed a death yak
  8358 | D:8      | Noticed a death yak
  8391 | D:8      | Killed a death yak
  8392 | D:8      | Reached skill level 3 in Fighting
  8392 | D:8      | Reached skill level 2 in Dodging
  8517 | D:8      | Identified the +0 plate armour of Instinct {rElec Will-
                  | rCorr Str+8}
  8530 | D:8      | Found a staircase to the Lair.
  8548 | D:8      | Killed a death yak
  8549 | D:8      | Reached skill level 4 in Fighting
  8549 | D:8      | Reached skill level 3 in Dodging
  8560 | D:8      | Noticed Erica
  8572 | D:8      | Killed Erica
  8573 | D:8      | Reached skill level 5 in Fighting
  8573 | D:8      | Reached skill level 4 in Dodging
  8573 | D:8      | Reached XP level 11. HP: 57/72 MP: 11/11
  8675 | D:8      | Found Jeock's Lightly-Used Armoury.
  8764 | D:8      | Found a radiant altar of Vehumet.
  8884 | D:8      | Reached *** piety under Hepliaklqana
  9104 | D:9      | Found a basalt altar of Yredelemnul.
  9192 | D:9      | Noticed a two-headed ogre
  9202 | D:9      | Killed a two-headed ogre
  9203 | D:9      | Reached skill level 6 in Fighting
  9203 | D:9      | Reached skill level 5 in Dodging
  9460 | D:9      | Reached skill level 7 in Fighting
  9505 | D:9      | Reached skill level 6 in Dodging
  9786 | D:9      | Found a white marble altar of Elyvilon.
  9949 | D:9      | Reached skill level 8 in Fighting
 10071 | D:10     | Entered Level 10 of the Dungeon
 10447 | D:10     | Noticed an obsidian statue
 10565 | D:10     | Noticed a two-headed ogre
 10622 | D:10     | Killed a two-headed ogre
 10623 | D:10     | Reached skill level 11 in Ranged Weapons
 10688 | D:10     | Noticed a two-headed ogre
 10697 | D:10     | Killed a two-headed ogre
 10698 | D:10     | Reached XP level 12. HP: 82/82 MP: 12/12
 11107 | Lair:1   | Entered Level 1 of the Lair of Beasts
 11126 | Lair:1   | Reached skill level 12 in Ranged Weapons
 11280 | Lair:1   | Noticed a seven-headed hydra
 11287 | Lair:1   | Killed a seven-headed hydra
 11315 | Lair:1   | Reached skill level 13 in Ranged Weapons
 11412 | Lair:1   | Found a stormy altar of Qazlal.
 11491 | Lair:1   | Reached **** piety under Hepliaklqana
 12118 | Lair:1   | Reached skill level 14 in Ranged Weapons
 12154 | Lair:2   | Reached skill level 7 in Armour
 12154 | Lair:2   | Reached skill level 2 in Stealth
 12262 | Lair:2   | Reached skill level 3 in Stealth
 12359 | Lair:2   | Noticed Nergalle
 12379 | Lair:2   | HP: 7/73 [spectral orc warrior/+0 flail[Nergalle] (6)]
 12383 | Lair:2   | Mangled by a spectral orc warrior

Vanquished Creatures
  A hydra (Lair:1)
  2 two-headed ogres
  2 death yaks (D:8)
  3 elephants
  3 cane toads
  A black mamba (Lair:1)
  3 komodo dragons
  A queen bee (D:9)
  2 blink frogs (Lair:1)
  12 yaks
  2 wyverns
  Eustachio (D:4)
  3 vampire mosquitoes (D:10)
  Menkaure (D:4)
  3 water moccasins (Lair:1)
  A black bear (D:8)
  7 orc warriors
  A sky beast (D:6)
  2 ogres
  7 centaurs
  2 phantoms
  7 bullfrogs
  4 scorpions
  8 wights
  18 killer bees
  A hound (D:3)
  2 orc priests
  A sleepcap (D:5)
  An iguana (D:4)
  3 hell rats
  2 orc wizards
  Terence (D:3)
  Robin (D:2)
  8 adders
  A river rat (D:8)
  A shadow imp (D:7)
  2 dart slugs
  6 worms
  38 orcs
  6 ball pythons
  6 endoplasms
  3 giant cockroaches
  13 goblins
  8 hobgoblins
  4 jackals (D:4)
  6 quokkas
  5 bats
  2 frilled lizards
  19 kobolds
  7 rats
244 creatures vanquished.

Vanquished Creatures (collateral kills)
  Erica (D:8)
  A two-headed ogre (D:10)
  A death yak (D:8)
  An elephant (Lair:1)
  An ice statue (D:10)
  2 blink frogs (Lair:1)
  A yak (D:9)
  A basilisk (Lair:1)
  A vampire mosquito (D:10)
  An acid dragon (D:10)
  2 water moccasins (Lair:1)
  2 orc warriors (Bailey)
  A sky beast (D:7)
  An ogre (D:5)
  3 centaurs (Bailey)
  A lemure (D:5)
  2 kobold brigands
  A scorpion (D:6)
  A wight (D:6)
  6 killer bees (D:9)
  2 howler monkeys
  An orc priest (D:6)
  3 orc wizards
  2 hell rats (Lair:1)
  An ufetubus (D:6)
  A dart slug (D:5)
  13 orcs
  A goblin (D:7)
  A hobgoblin (D:7)
56 creatures vanquished.

Vanquished Creatures (others)
  5 knights
  2 ancestors (D:5)
  An orc (Bailey)
8 creatures vanquished.

Grand Total: 308 creatures vanquished

Table legend: (Time is in decaauts)
 A = Elapsed time spent in this place.
 B = Non-inter-level travel time spent in this place.
 C = Inter-level travel time spent in this place.
 D = Time resting spent in this place.
 E = Time spent auto-exploring this place.
 F = Levels seen in this place.
 G = Mean time per level.
                   A        B        C        D        E       F      G
               +--------+--------+--------+--------+--------+-----+--------+
         Total |  12521 |  11788 |    733 |   1707 |   7299 |  14 |  894.4 |
       Dungeon |   9595 |   8932 |    663 |    899 |   5887 |  10 |  959.5 |
        Temple |    208 |    199 |      9 |      0 |    194 |   1 |  208.0 |
          Lair |   1251 |   1191 |     60 |    156 |    733 |   2 |  625.5 |
        Bailey |   1466 |   1466 |      0 |    651 |    485 |   1 | 1466.0 |
               +--------+--------+--------+--------+--------+-----+--------+

Top non-repeatable levels by time:
  Bailey: 1466 daAuts
     D:3: 1269 daAuts
     D:8: 1084 daAuts
     D:4: 1077 daAuts
     D:5: 1026 daAuts
    D:10: 1009 daAuts
     D:2: 977 daAuts
     D:9: 971 daAuts
  Lair:1: 941 daAuts
     D:1: 906 daAuts
     D:6: 642 daAuts
     D:7: 631 daAuts
  Lair:2: 310 daAuts
  Temple: 208 daAuts

Table legend:
 A = Non-vault XP
 B = Vault XP
 C = Vault XP percentage of total XP
 D = Non-vault monster count
 E = Vault monster count
 F = Vault count percentage of total count
                 A         B        C        D         E       F
            +---------+---------+-------+---------+---------+-------
      Total |   16836 |    9339 |  35.7 |     193 |     106 |  35.5
            +---------+---------+-------+---------+---------+-------
        D:1 |      27 |       0 |   0.0 |      14 |       0 |   0.0
        D:2 |      47 |      36 |  43.4 |      18 |      12 |  40.0
        D:3 |     137 |      38 |  21.7 |      24 |       5 |  17.2
        D:4 |     191 |     366 |  65.7 |      16 |       2 |  11.1
        D:5 |     780 |       0 |   0.0 |      14 |       0 |   0.0
        D:6 |    1053 |       0 |   0.0 |      18 |       0 |   0.0
        D:7 |     406 |      13 |   3.1 |      10 |       6 |  37.5
        D:8 |     285 |    3397 |  92.3 |      11 |      12 |  52.2
        D:9 |    2012 |    1701 |  45.8 |      16 |      24 |  60.0
       D:10 |    3041 |     447 |  12.8 |      17 |       1 |   5.6
     Lair:1 |    5564 |     545 |   8.9 |      23 |       3 |  11.5
     Lair:2 |    3293 |     816 |  19.9 |      12 |       4 |  25.0
     Bailey |       0 |    1980 | 100.0 |       0 |      37 | 100.0
            +---------+---------+-------+---------+---------+-------
